 Dungeon Crawl Stone Soup version 0.28.0-43-g3370ac3207 (webtiles) character file.

Game seed: 1620345876246442007

2172 demenzo the Cleaver (level 9, -7/97 HPs)
             Began as an Ogre Cinder Acolyte on Mar 14, 2022.
             Was a Priest of Ignis.
             Mangled by an ogre
             ... wielding a +0 giant club
              (13 damage)
             ... on level 7 of the Dungeon on Mar 15, 2022.
             The game lasted 00:16:55 (10788 turns).

demenzo the Cleaver (Ogre Cinder Acolyte)          Turns: 10788, Time: 00:16:56

Health: -7/97      AC: 11    Str: 20    XL:     9   Next: 32%
Magic:  19/19      EV:  9    Int: 19    God:    Ignis [***...]
Gold:   298        SH:  0    Dex:  4    Spells: 19/21 levels left

rFire   + . .      SeeInvis .   a - +1 war axe
rCold   . . .      Faith    .   (no shield)
rNeg    . . .      Spirit   .   w - +0 robe
rPois   .          Reflect  .   (helmet restricted)
rElec   .          Harm     .   m - +0 cloak {rCorr}
rCorr   +          Rampage  .   (gloves unavailable)
Will    .....                   (boots unavailable)
Stlth   +.........              (no amulet)
HPRegen 0.26/turn               (no ring)
MPRegen 0.16/turn               (no ring)

@: fiery-armoured
A: large, unfitting armour, tough skin 1
a: Renounce Religion, Fiery Armour, Foxfire Swarm, Rising Flame


You were on level 7 of the Dungeon.
You worshipped Ignis.
Ignis was most pleased with you.
You visited 1 branch of the dungeon, and saw 7 of its levels.
You also visited: Bailey.

You collected 298 gold pieces.

Inventory:

Hand Weapons
 a - a +1 war axe (weapon)
 b - a +3 hunting sling
 f - a -1 hand axe of flaming
 p - a +0 hunting sling
 D - a +0 giant spiked club
Missiles
 d - 425 stones
 e - 40 bolts
 g - 6 atropa-tipped darts
 l - 4 boomerangs
 o - 11 poisoned darts (quivered)
 q - 86 sling bullets
Armour
 m - a +0 cloak of preservation (worn)
 w - a +0 robe (worn)
Magical Staves
 A - a staff of conjuration
 C - a staff of earth
Jewellery
 s - a +6 ring of intelligence
 t - a ring of poison resistance
Wands
 n - a wand of polymorph (12)
 y - a wand of flame (10)
 B - a wand of iceblast (5)
Scrolls
 c - 4 scrolls of teleportation
 k - a scroll of fog
 u - 2 scrolls of noise
 G - a scroll of holy word
Potions
 h - a potion of might {unknown}
 i - a potion of heal wounds {unknown}
 j - 5 potions of curing {unknown}
 r - a potion of lignification {unknown}
 x - a potion of magic {unknown}
 z - 2 potions of flight {unknown}
 E - a potion of degeneration {unknown}
 F - a potion of haste {unknown}
 H - a potion of brilliance {unknown}


   Skills:
 + Level 8.8 Fighting
 * Level 9.0 Axes
 + Level 6.6 Spellcasting
 - Level 3.0 Fire Magic


You had 19 spell levels left.
You knew the following spells:

 Your Spells              Type           Power      Damage    Failure   Level
a - Scorch                Fire           34%        2d7       4%          2

Your spell library contained the following spells:

 Spells                   Type           Power      Damage    Failure   Level
 Summon Small Mammal      Summ           24%        N/A       11%         1
 Static Discharge         Conj/Air       6%         N/A       16%         2
 Call Canine Familiar     Summ           6%         N/A       30%         3
 Portal Projectile        Hex/Tloc       12%        N/A       30%         3
 Summon Guardian Golem    Hex/Summ       6%         N/A       30%         3
 Sticky Flame             Conj/Fire      12%        2d4       50%         4
 Dispel Undead            Necr           6%         3d8       71%         4
 Leda's Liquefaction      Hex/Erth       3%         N/A       71%         4


Dungeon Overview and Level Annotations

Branches:
Dungeon (7/15)             Temple (0/1) D:4          Bailey (visited)

Altars:
Ashenzari
Cheibriados
Fedhas
Hepliaklqana
Sif Muna
Uskayaw
Wu Jian


Innate Abilities, Weirdness & Mutations

You are too large for most types of armour.
You have tough skin. (AC +1)


Message History

Your Axes skill increases to level 9!
An ogre comes into view. It is wielding a +0 giant club.
The ogre shouts!
You see here a +0 giant club.
An ogre is nearby!
You hit the ogre.
The ogre is moderately wounded.
The ogre barely misses you.
Okay, then.
You barely miss the ogre.
The ogre is moderately wounded.
You barely miss the ogre.
The ogre is moderately wounded.
The ogre closely misses you.
You hit the ogre. Your punch misses the ogre.
The ogre is moderately wounded.
The ogre hits you with a +0 giant club!
The ogre is burned by your cloak of flames.
The ogre is heavily wounded.
You closely miss the ogre.
The ogre is heavily wounded.
The ogre closely misses you.
You barely miss the ogre.
The ogre is heavily wounded.
You hit the ogre.
The ogre is severely wounded.
The ogre hits you with a +0 giant club!
* * * LOW HITPOINT WARNING * * *
The ogre is burned by your cloak of flames.
The ogre is severely wounded.
You hit the ogre.
The ogre is severely wounded.
The ogre hits you with a +0 giant club!
* * * LOW HITPOINT WARNING * * *
The ogre is burned by your cloak of flames.
The ogre is almost dead.
You hit the ogre but do no damage.
The ogre is almost dead.
The ogre hits you with a +0 giant club!
You die...

#... #... #...
#... #... #...
#...
#+#########
####
#..@O.....#
#########.#
#.#.# #.#.#
#...#### ###
#.#....# #..
#.#.##+#####..
#.............
###.#........#


You could see an ogre.

Vanquished Creatures
  Sigmund (D:6)
  3 sky beasts (D:6)
  2 necrophages
  5 ogres
  A phantom (D:7)
  A bullfrog (D:6)
  5 scorpions
  A bullfrog zombie (D:5)
  2 jellies
  Crazy Yiuf (D:2)
  5 hounds
  Ijyb (D:5)
  Terence (D:2)
  3 iguanas
  A hound zombie (D:5)
  4 gnolls (D:4)
  9 adders
  A shadow imp (D:5)
  An adder skeleton (D:4)
  3 worms
  3 dart slugs
  9 orcs
  10 endoplasms
  3 giant cockroaches
  36 goblins
  21 hobgoblins
  5 jackals
  4 quokkas
  8 ball pythons
  8 bats
  2 frilled lizards (D:1)
  14 kobolds
  7 rats
181 creatures vanquished.

Vanquished Creatures (others)
  45 foxfires
  2 fungi (D:2)
47 creatures vanquished.

Grand Total: 228 creatures vanquished

Notes
Turn   | Place    | Note
-------+----------+-------------------------------------------
     0 | D:1      | demenzo the Ogre Cinder Acolyte began the quest for the
                  | Orb.
     0 | D:1      | Reached XP level 1. HP: 24/24 MP: 2/2
    45 | D:1      | Found a faded altar of an unknown god.
   177 | D:1      | Reached XP level 2. HP: 23/32 MP: 2/4
   338 | D:1      | Learned a level 2 spell: Scorch
   522 | D:1      | Reached XP level 3. HP: 40/40 MP: 5/5
   875 | D:2      | Noticed Terence
  1313 | D:2      | Reached skill level 4 in Axes
  1313 | D:2      | Reached XP level 4. HP: 49/49 MP: 2/7
  1404 | D:2      | Killed Terence
  1483 | D:2      | Found a runed translucent door.
  1484 | D:2      | Noticed Crazy Yiuf
  1763 | D:2      | Killed Crazy Yiuf
  1764 | D:2      | Reached skill level 5 in Fighting
  1764 | D:2      | Reached XP level 5. HP: 51/57 MP: 1/9
  2372 | D:3      | Found an ornate altar of the Wu Jian Council.
  2388 | D:3      | Found a snail-covered altar of Cheibriados.
  2907 | D:3      | Found a hide-covered altar of Uskayaw.
  3233 | D:4      | Found a staircase to the Ecumenical Temple.
  3462 | D:4      | Noticed a necrophage
  3468 | D:4      | Killed a necrophage
  3469 | D:4      | Reached skill level 5 in Axes
  3469 | D:4      | Reached XP level 6. HP: 50/67 MP: 7/11
  4172 | D:4      | Found a blossoming altar of Fedhas.
  5316 | D:4      | Reached XP level 7. HP: 6/75 MP: 12/12
  6491 | D:5      | Entered Level 5 of the Dungeon
  6502 | D:5      | Reached skill level 6 in Axes
  6775 | D:5      | Found a broken altar of Ashenzari.
  7296 | D:5      | Reached XP level 8. HP: 84/84 MP: 10/15
  7433 | D:5      | Reached skill level 5 in Spellcasting
  7527 | D:5      | Reached skill level 7 in Axes
  7663 | D:5      | Noticed Ijyb
  7679 | D:5      | Killed Ijyb
  8928 | D:6      | Reached skill level 8 in Axes
  9259 | D:6      | Found a shimmering blue altar of Sif Muna.
  9283 | D:6      | Reached XP level 9. HP: 57/96 MP: 9/18
  9471 | D:6      | Noticed Sigmund
  9502 | D:6      | Killed Sigmund
  9727 | D:6      | Found a hazy altar of Hepliaklqana.
 10077 | D:7      | Found a flagged portal.
 10085 | Bailey   | Entered a bailey
 10760 | D:7      | Reached skill level 9 in Axes
 10788 | D:7      | Mangled by an ogre

Illustrated notes

Levels and vault maps discovered:
D:1:      nzn_arrival_depleted_hourglass, layout_rooms,
          ebering_ecumenical_altar_abandoned
D:2:      layout_rooms, uniq_terence, uniq_crazy_yiuf_cottage
D:3:      layout_basic, mainiacjoe_overflow_alcove_4, lemuel_round_altar,
          nicolae_wu_jian_immortal_techniques
D:4:      minmay_goblin_kobold_castle, layout_basic, fedhas_altar_4,
          minmay_temple_entry_glassed_door
D:5:      kennysheep_six_static_rooms, layout_loops_ring,
          evilmike_ruin_ashenzari, uniq_ijyb
D:6:      layout_rooms, pf_just_have_faith,
          mainiacjoe_overflow_concentric_impassable, grunt_decor_fettered,
          hangedman_decor_points, uniq_sigmund
D:7:      layout_basic, jmf_multi_god_temple, enter_bailey_2,
          nicolae_elemental_shop

Skill      XL: |  1  2  3  4  5  6  7  8  9 |
---------------+----------------------------+-----
Spellcasting   | 2 3 4 6 |  6.6
Axes           | 4 5 6 8 9 |  9.0
Fighting       | 5 6 8 |  8.8
Fire Magic     | 3 |  3.0

Action                   |  1- 3 |  4- 6 |  7- 9 || total
-------------------------+-------+-------+-------++-------
Melee: Hand axe          |    63 |       |       ||    63
       War axe           |    18 |   171 |   185 ||   374
       Punch             |       |     1 |     4 ||     5
 Fire: Hunting sling     |       |     6 |       ||     6
Throw: Stone             |     1 |       |       ||     1
       Dart              |       |       |     5 ||     5
 Cast: Scorch            |     6 |    48 |    57 ||   111
Invok: Foxfire Swarm     |       |     2 |     1 ||     3
       Fiery Armour      |       |     1 |     1 ||     2
Evoke: Wand              |       |       |     1 ||     1
  Use: Scroll            |       |       |     7 ||     7
Armor: Robe              |    27 |    78 |    58 ||   163
Dodge: Dodged            |    53 |   103 |   101 ||   257
